 Dungeon Crawl Stone Soup version 0.29.1-1-gd02db6906a (webtiles) character file.

Game seed: 7630544056297259771

38 xian the Gusty (level 3, -2/24 HPs)
             Began as a Demonspawn Air Elementalist on Sept 22, 2022.
             Slain by a gnoll
             ... wielding a +0 halberd
              (10 damage)
             ... on level 4 of the Dungeon.
             The game lasted 00:03:21 (2058 turns).

xian the Gusty (Demonspawn Air Elementalist)        Turns: 2058, Time: 00:03:21

Health: -2/24      AC:  3    Str:  8    XL:     3   Next: 25%
Magic:  1/6        EV: 11    Int: 20    God:
Gold:   30         SH:  0    Dex: 13    Spells: 3/6 levels left

rFire   . . .      SeeInvis .   i - +0 hand axe
rCold   . . .      Faith    .   (no shield)
rNeg    . . .      Spirit   .   j - +0 leather armour
rPois   .          Reflect  .   (no helmet)
rElec   .          Harm     .   (no cloak)
rCorr   .          Rampage  .   (no gloves)
Will    .....                   (no boots)
Stlth   ++........              (no amulet)
HPRegen 0.08/turn               (no ring)
MPRegen 0.10/turn               (no ring)

@: no status effects
A: big brain 1, demonic magic 1
a: no special abilities


You were on level 4 of the Dungeon.
You visited 1 branch of the dungeon, and saw 3 of its levels.

You collected 30 gold pieces.

Inventory:

Hand Weapons
 i - a +0 hand axe (weapon)
Armour
 j - a +0 leather armour (worn)
Scrolls
 d - a scroll of teleportation {unknown}
 e - a scroll of blinking {unknown}
 f - 2 scrolls of identify {unknown}
 g - a scroll of summoning {unknown}
Potions
 a - a potion of mutation {unknown}
 b - a potion of magic
 c - a potion of lignification {unknown}
 h - a potion of attraction {unknown}


   Skills:
 + Level 0.3 Maces & Flails
 + Level 0.4 Armour
 + Level 2.0 Dodging
 + Level 2.1 Stealth
 + Level 2.4 Spellcasting
 + Level 1.1 Conjurations
 + Level 3.0 Air Magic


You had 3 spell levels left.
You knew the following spells:

 Your Spells              Type           Power      Damage    Failure   Level
a - Shock                 Conj/Air       40%        1d5       9%          1
b - Static Discharge      Conj/Air       10%        3-5/arc   14%         2

Your spell library contained the following spells:

 Spells                   Type           Power      Damage    Failure   Level
 Swiftness                Air            14%        N/A       19%         3
 Airstrike                Air            7%         2d(1-17)  52%         4


Dungeon Overview and Level Annotations

Branches:
Dungeon (2/15)

Altars:


Innate Abilities, Weirdness & Mutations

You have an unusually large brain. (Int +2)
Spells you cast may paralyse adjacent enemies.


Message History

You are very lightly contaminated with residual magic.
Nothing appears to happen.
That beam is likely to hit you.
Continue anyway? [Y]es or [N]o only, please.
That beam is likely to hit you.
Continue anyway? [Y]es or [N]o only, please.
That beam is likely to hit you.
Continue anyway? [Y]es or [N]o only, please.
That beam is likely to hit you.
Continue anyway?
Okay, then.
Casting: Shock (safe; 9% risk of failure)
Confirm with . or Enter, or press ? or * to list all spells.
The hobgoblin is struck by an arc of lightning!
You kill the hobgoblin!
You are struck by an arc of lightning.
Malevolent energies surge around you.
Unknown command.
Your magical contamination has completely faded away.
A hound comes into view.
The zap misses the hound.
Malevolent energies surge around you.
The hound barks!
You hear a shout!
A gnoll comes into view. It is wielding a +0 halberd.
The zap misses the hound.
The zap hits the gnoll.
The gnoll is moderately wounded.
Malevolent energies surge around you.
The zap misses the hound.
Malevolent energies surge around you.
The hound suddenly stops moving!
The zap hits the hound.
The hound is moderately wounded.
Malevolent energies surge around you.
The hound is no longer paralysed.
The gnoll closely misses you.
The hound stops to sniff the ground.
A gnoll comes into view. It is wielding a +0 halberd.
You hit the gnoll.
The gnoll is heavily wounded.
The gnoll hits you with a +0 halberd. The gnoll hits you with a +0 halberd!
Ouch! That really hurt!
You closely miss the gnoll.
The gnoll is heavily wounded.
The gnoll hits you with a +0 halberd!
You die...

#..# .# #..#
########..###
............###
######.........
#.######.. #.#
# #######.#####
#...hg@.....#
#.#..######.#
..g.. ####..
#.. #.. #.# ..


You could see a hound and 2 gnolls.

Vanquished Creatures
  A worm (D:1)
  A dart slug (D:4)
  3 ball pythons
  6 endoplasms
  2 giant cockroaches
  4 goblins
  4 hobgoblins
  2 bats (D:1)
  3 frilled lizards (D:1)
  3 kobolds (D:1)
  2 rats (D:1)
31 creatures vanquished.

Vanquished Creatures (others)
  6 fungi (D:4)
6 creatures vanquished.

Grand Total: 37 creatures vanquished

Notes
Turn   | Place    | Note
-------+----------+-------------------------------------------
     0 | D:1      | xian the Demonspawn Air Elementalist began the quest for
                  | the Orb.
     0 | D:1      | Reached XP level 1. HP: 13/13 MP: 3/3
   315 | D:1      | Gained mutation: You have an unusually large brain. (Int
                  | +2) [demonic ancestry]
   315 | D:1      | Reached XP level 2. HP: 19/19 MP: 5/5
   362 | D:1      | Reached skill level 3 in Air Magic
   397 | D:1      | Learned a level 2 spell: Static Discharge
  1468 | D:1      | Gained mutation: Spells you cast may paralyse adjacent
                  | enemies. [demonic ancestry]
  1468 | D:1      | Reached XP level 3. HP: 2/24 MP: 3/6
  1844 | D:2      | You fall into a shaft and drop 2 floors!
  2058 | D:4      | Slain by a gnoll

Illustrated notes

Levels and vault maps discovered:
D:1:      ebering_hopf_link, layout_basic
D:2:      layout_rooms, basic_altar
D:4:      layout_loops_ring, mainiacjoe_overflow_catwalk,
          minmay_temple_entry_ruins, dreamdust_gnoll_farm

Skill      XL: |  1  2 |
---------------+-------+-----
Dodging        | 2 |  2.0
Air Magic      | 3 |  3.0
Stealth        | 2 |  2.1
Maces & Flails | |  0.3
Armour         | |  0.4
Spellcasting   | |  2.4
Conjurations   | |  1.1

Action                   || total
-------------------------++-------
Melee: Club              ||     9
       Unarmed           ||     1
       Hand axe          ||    16
 Cast: Shock             ||    61
       Static Discharge  ||     1
 Stab: Sleeping          ||     1
Armor: Robe              ||     2
       Leather armour    ||     2
Dodge: Dodged            ||    19
